 Dungeon Crawl Stone Soup version 0.19-a0-1907-gcff654f (webtiles) character file.

45 LORDOFBUTT the Grave Robber (level 3, -6/24 HPs)
             Began as a Mummy Necromancer on Oct 22, 2016.
             Mangled by a gnoll
             ... wielding a +0 spear
              (9 damage)
             ... on level 2 of the Dungeon.
             The game lasted 00:04:23 (1195 turns).

LORDOFBUTT the Grave Robber (Mummy Necromancer)     Turns: 1195, Time: 00:04:24

Health: -6/24      AC:  2    Str: 11    XL:     3   Next: 42%
Magic:  3/6        EV: 12    Int: 14    God:
Gold:   79         SH:  0    Dex: 13    Spells: 2 memorised, 4 levels left

rFire  x . .     SeeInvis .     i - +2 dagger (chaos)
rCold  + . .     Gourm    .     a - +0 robe
rNeg   + + +     Faith    .     (no shield)
rPois  ∞         Spirit   .     (no helmet)
rElec  .         Reflect  .     (no cloak)
rCorr  .         Harm     .     (no gloves)
MR     .....                    (no boots)
Stlth  ++........               (no amulet)
                                (no ring)
                                (no ring)

@: no status effects
A: no food or potions, fire vulnerability, cold resistance 1, negative energy
resistance 3, torment resistance, unbreathing
a: no special abilities


You were on level 2 of the Dungeon.
You were not hungry.

You visited 1 branch of the dungeon, and saw 2 of its levels.

You collected 79 gold pieces.

Inventory:

Hand Weapons
 i - a +2 dagger of chaos (weapon)
Armour
 a - a +0 robe (worn)
Jewellery
 e - an uncursed ring of loudness
Scrolls
 c - a scroll of identify {unknown}
 d - a scroll of amnesia {unknown}
 f - a scroll of noise {unknown}
 g - 2 scrolls of magic mapping
 h - a scroll of recharging {unknown}
Books
 b - a book of Necromancy

   Spells                             Type                      Level
   a - Pain                           Necromancy                   1
   b - Animate Skeleton               Necromancy                   1
   c - Vampiric Draining              Necromancy                   3
   d - Regeneration                   Charms/Necromancy            3
   e - Animate Dead                   Necromancy                   4
   f - Control Undead                 Necromancy                   4


   Skills:
 + Level 1.7 Dodging
 + Level 1.5 Stealth
 + Level 2.4 Spellcasting
 + Level 4.9 Necromancy


You had 4 spell levels left.
You knew the following spells:

 Your Spells              Type           Power        Failure   Level  Hunger
a - Pain                  Necr           ###.         2%          1    N/A
b - Animate Skeleton      Necr           N/A          2%          1    N/A

Dungeon Overview and Level Annotations

Branches:
Dungeon (2/15)

Altars:
Yredelemnul


Innate Abilities, Weirdness & Mutations

You do not eat or drink.
Your flesh is vulnerable to fire.
You are immune to poison.
Your flesh is cold resistant. (rC+)
You are immune to negative energy. (rN+++)
You are immune to unholy pain and torment.
You can survive without breathing.


Message History

Press: ? - help, Shift-Dir - straight line, f/p - orc
Aim: an orc, wielding a dagger of chaos (heavily wounded, chance to defeat MR: 85%)
The orc writhes in agony!
You kill the orc!
The gnoll hits you but does no damage.
The rat twitches its whiskers.
Unknown command.
The rat closely misses you. The rat bites you.
* * * LOW HITPOINT WARNING * * *
You see here a club.
You see here a frilled lizard corpse.
Casting: Pain
Confirm with . or Enter, or press ? or * to list all spells.
You attempt to give life to the dead...
Before your eyes, flesh is ripped from the corpse!
The dead are walking!
The rat bites you.
* * * LOW HITPOINT WARNING * * *
The gnoll hits you from afar with a spear!
You die...

**,⌠.,.#,,** #%.###........_..
*,*,#≈,#≈*≈* ##.......#.##....
*,,*.#.#.##* ###...#.#.###...
*≈*⌠#.#..≈.* ##....###.###.##
*_,,.....#.* #..##.###.......
**,,#.≈#.⌠.### #.###..######.##
*,,,,#.≈..#..###.# #....#.##...
*,*≈.≈##..⌠#)##Z.# ###......#.#
*≈*,≈#..≈≈.#.)@!.# ##.....#.<
*≈*,⌠≈#≈#.≈###r)%# #!.#....#
*⌠*,##.≈.≈.* #g..# ##.#.....
*≈,,,#,§#..* #g.## #.......
****≈,$..§####..########.....#.
***≈≈§≈###..............#.#.#.
*,≈,⌠##...#..#########......
***###((.....# **,,......
#.>....#..# *,.,......


You could see a gnoll, a goblin, a rat and a friendly frilled lizard skeleton.

Vanquished Creatures
  An adder (D:2)
  2 dart slugs
  4 orcs (D:2)
  A ball python (D:2)
  3 giant cockroaches
  4 goblins
  2 hobgoblins (D:1)
  A quokka (D:2)
  A frilled lizard (D:2)
  4 kobolds
  3 rats (D:1)
26 creatures vanquished.

Vanquished Creatures (collateral kills)
  A rat (D:2)
1 creature vanquished.

Grand Total: 27 creatures vanquished

Notes
Turn   | Place    | Note
-------+----------+-------------------------------------------
     0 | D:1      | LORDOFBUTT the Mummy Necromancer began the quest for the Orb.
     0 | D:1      | Reached XP level 1. HP: 13/13 MP: 3/3
   284 | D:1      | Reached XP level 2. HP: 16/19 MP: 1/5
   848 | D:2      | Learned a level 1 spell: Animate Skeleton
   932 | D:2      | Found a basalt altar of Yredelemnul.
   971 | D:2      | Reached XP level 3. HP: 24/24 MP: 4/6
  1195 | D:2      | Mangled by a gnoll

Vault maps used:
D:1:      evilmike_arrival_hilbert_curve
D:2:      nicolae_overflow_crystal_walls, led_sif_pool, first_bread, tgw_xom

Action                   || total
-------------------------++-------
Melee: Unarmed           ||     2
       Dagger            ||     2
 Cast: Pain              ||    48
       Animate Skeleton  ||     4
  Use: Scroll            ||     2
Armor: Robe              ||     3
Dodge: Dodged            ||    28
